 Dungeon Crawl Stone Soup version 0.23-a0-183-gf37f6fb (webtiles) character file.

569 iamserjio the Ruffian (level 7, -1/57 HPs)
             Began as a Grey Draconian Wanderer on Sept 22, 2018.
             Was a Believer of Fedhas.
             Slain by Grinder (5 damage)
             ... while paralysed by Grinder
             ... on level 5 of the Dungeon.
             The game lasted 00:09:21 (4796 turns).

iamserjio the Ruffian (Grey Draconian Wanderer)     Turns: 4796, Time: 00:09:22

Health: -1/57      AC: 12    Str: 13    XL:     7   Next: 11%
Magic:  7/7        EV:  2    Int: 14    God:    Fedhas [**....]
Gold:   340        SH:  0    Dex: 12    Spells: 6/6 levels left

rFire    . . .     SeeInvis .     - Unarmed
rCold    . . .     Gourm    .   (no shield)
rNeg     . . .     Faith    .   (armour unavailable)
rPois    .         Spirit   .   (helmet restricted)
rElec    .         Reflect  +   (no cloak)
rCorr    .         Harm     .   h - +0 pair of gloves
MR       .....                  (no boots)
Stlth    ++........             s - +4 amulet of reflection
HPRegen  0.19/turn              (no ring)
MPRegen  0.10/turn              (no ring)

@: paralysed, very slightly contaminated, invisible
A: walk through water, unfitting armour, unbreathing, cold-blooded, AC +11
a: Fungal Bloom, Sunlight, Evolution, Renounce Religion


You were on level 5 of the Dungeon.
You worshipped Fedhas.
Fedhas was pleased with you.
You were not hungry.

You visited 1 branch of the dungeon, and saw 5 of its levels.

You collected 340 gold pieces.

Inventory:

Hand Weapons
 g - a +2 dagger of venom
 j - a +0 dagger of electrocution
 w - a +0 blowgun
 x - a +2 short sword of electrocution
Missiles
 k - 11 sling bullets
 u - 15 poisoned needles
 A - 4 tomahawks (quivered)
Armour
 a - a +0 shield
 h - a +0 pair of gloves (worn)
Jewellery
 i - an uncursed ring of magical power {unknown}
 s - a +4 amulet of reflection (around neck)
Scrolls
 c - 8 scrolls of teleportation
 q - 2 scrolls of enchant armour {unknown}
 r - 2 scrolls of remove curse {unknown}
 t - a scroll of random uselessness {unknown}
 v - a scroll of enchant weapon {unknown}
 y - a scroll of amnesia {unknown}
 B - 2 scrolls of fog {unknown}
Potions
 b - a potion of agility {unknown}
 e - a potion of haste {unknown}
 m - a potion of invisibility
 n - a potion of mutation
 p - 3 potions of curing {@q1}
 z - a potion of cancellation {unknown}
Comestibles
 d - 7 rations


   Skills:
 - Level 3.2 Fighting
   Level 3.0 Maces & Flails
 + Level 1.3 Dodging
 - Level 1.0 Stealth
 - Level 2.0 Shields
 * Level 7.4 Unarmed Combat


You had 6 spell levels left.
You didn't know any spells.
Your spell library was empty.

Dungeon Overview and Level Annotations

Branches:
Dungeon (5/15)
 Temple: D:4-7

Altars:
Fedhas
Gozag
Kikubaaqudgha
Sif Muna
Trog
Vehumet
Zin

Shops:
D:5 (

Annotations:
D:5 Grinder


Innate Abilities, Weirdness & Mutations

You can walk through water.
Your dull iron-grey scales are very hard. (AC +11)
You cannot fit into any form of body armour.
You can survive without breathing.
You are cold-blooded and may be slowed by cold attacks.


Message History

You are very lightly contaminated with residual magic.
You hit Grinder.
You tail-slap Grinder, but do no damage.
You closely miss Grinder. Grinder hits you.
* * * LOW HITPOINT WARNING * * *
You writhe in agony.
* * * LOW HITPOINT WARNING * * *
You barely miss Grinder. You tail-slap Grinder. You punch Grinder.
Grinder gestures at you.
You suddenly lose the ability to move!
Grinder hits you.
* * * LOW HITPOINT WARNING * * *
You writhe in agony.
* * * LOW HITPOINT WARNING * * *
Grinder hits you but does no damage. Grinder hits you.
* * * LOW HITPOINT WARNING * * *
You writhe in agony.
You die...
Fedhas appreciates your contribution to the ecosystem.

.!.####
.....######
......!...
..(....#
#......#
#......#
#.5....#
####.@....# .
..####!...######
# .........## #
.........## # .
.#######..# #..
#..# ..... #..#
.....# ##.##
#...### ##..##


You could see Grinder.

Vanquished Creatures
  An ogre (D:4)
  Blork the orc (D:5)
  A scorpion (D:4)
  A crimson imp (D:5)
  A centaur skeleton (D:5)
  2 hounds (D:4)
  2 orc priests
  An orc wizard (D:4)
  4 adders
  A worm (D:4)
  A dart slug (D:1)
  4 leopard geckos
  16 orcs
  4 ball pythons
  A bat skeleton (D:3)
  7 giant cockroaches
  10 goblins
  3 hobgoblins
  7 jackals
  3 quokkas
  9 bats
  3 frilled lizards
  A jackal skeleton (D:5)
  11 kobolds
  A quokka skeleton (D:4)
  11 rats
  A rat zombie (D:3)
108 creatures vanquished.

Vanquished Creatures (others)
  46 toadstools
46 creatures vanquished.

Grand Total: 154 creatures vanquished

Notes
Turn   | Place    | Note
-------+----------+-------------------------------------------
     0 | D:1      | iamserjio the Draconian Wanderer began the quest for the
                  | Orb.
     0 | D:1      | iamserjio set off with: a +0 shield, a +0 short sword, a
                  | scroll of teleportation, a ration
     0 | D:1      | Reached XP level 1. HP: 19/19 MP: 1/1
    97 | D:1      | Reached skill level 2 in Unarmed Combat
   135 | D:1      | Reached XP level 2. HP: 20/26 MP: 2/2
   599 | D:1      | Reached skill level 3 in Unarmed Combat
   659 | D:1      | Reached XP level 3. HP: 31/31 MP: 3/3
  1135 | D:2      | Found a blossoming altar of Fedhas.
  1251 | D:2      | Became a worshipper of Fedhas Madash
  1476 | D:2      | Found an opulent altar of Gozag.
  1557 | D:2      | Reached XP level 4. HP: 27/38 MP: 4/4
  1642 | D:2      | Reached skill level 4 in Unarmed Combat
  2126 | D:3      | Found a glowing silver altar of Zin.
  2149 | D:3      | Found a bloodstained altar of Trog.
  2458 | D:3      | Reached * piety under Fedhas
  2464 | D:3      | Found an ancient bone altar of Kikubaaqudgha.
  2804 | D:4      | Noticed an ogre
  2816 | D:4      | Killed an ogre
  2816 | D:4      | Reached skill level 5 in Unarmed Combat
  2816 | D:4      | Reached XP level 5. HP: 11/45 MP: 5/5
  3170 | D:4      | Found a radiant altar of Vehumet.
  3376 | D:4      | Reached skill level 6 in Unarmed Combat
  3376 | D:4      | Reached XP level 6. HP: 49/51 MP: 6/6
  3655 | D:4      | Found a deep blue altar of Sif Muna.
  4137 | D:5      | Entered Level 5 of the Dungeon
  4186 | D:5      | Reached skill level 7 in Unarmed Combat
  4238 | D:5      | Reached ** piety under Fedhas
  4470 | D:5      | Noticed Blork the orc
  4484 | D:5      | Killed Blork the orc
  4484 | D:5      | Reached skill level 1 in Dodging
  4484 | D:5      | Your scales start taking on a dull iron-grey colour.
  4484 | D:5      | Reached XP level 7. HP: 40/57 MP: 7/7
  4484 | D:5      | Gained mutation: You can survive without breathing. [Grey
                  | Draconian growth]
  4663 | D:5      | Found Vexav's Antique Weapon Shop.
  4769 | D:5      | Noticed Grinder
  4771 | D:5      | Paralysed by Grinder for 7 turns
  4793 | D:5      | Paralysed by Grinder for 3 turns
  4796 | D:5      | Slain by Grinder

Vault maps used:
D:1:      dpeg_arrival_prison, minmay_close_crescents
D:2:      grunt_gozag_breadcrumbs, fedhas_altar_3
D:3:      nicolae_overflow_crystal_walls, lemuel_zombie_altar_kikubaaqudgha,
          lemuel_doored_altar
D:4:      marbit_many_paths, fiery_altar_vehumet, first_ration, minmay_bisected
D:5:      serial_shops, shop, uniq_blork_the_orc, uniq_eustachio, uniq_grinder,
          uniq_crazy_yiuf_cottage

Skill      XL: |  1  2  3  4  5  6 |
---------------+-------------------+-----
Unarmed Combat | 2 3 5 6 7 |  7.4
Dodging        | 1 |  1.3
Fighting       | |  3.2
Maces & Flails | |  3.0
Stealth        | |  1.0
Shields        | |  2.0

Action                   |  1- 3 |  4- 6 |  7- 9 || total
-------------------------+-------+-------+-------++-------
Melee: Short sword       |    29 |    41 |     2 ||    72
       Tailslap          |     9 |    16 |     3 ||    28
       Dagger            |   121 |   138 |     9 ||   268
       Punch             |     1 |     3 |     3 ||     7
       Unarmed           |       |       |     4 ||     4
 Fire: Blowgun           |       |     3 |       ||     3
Invok: Fungal Bloom      |     1 |    18 |     1 ||    20
  Use: Scroll            |       |     6 |       ||     6
       Potion            |       |       |     2 ||     2
 Stab: Sleeping          |       |     2 |       ||     2
  Eat: Chunk             |     2 |     4 |       ||     6
       Ration            |       |     2 |       ||     2
Armor: Skin              |    48 |    50 |     2 ||   100
Dodge: Dodged            |   100 |    86 |     4 ||   190
Block: Other             |       |    21 |       ||    21

Table legend:
 A = Non-vault XP
 B = Vault XP
 C = Vault XP percentage of total XP
 D = Non-vault monster count
 E = Vault monster count
 F = Vault count percentage of total count
                 A         B        C        D         E       F
            +---------+---------+-------+---------+---------+-------
      Total |     691 |     123 |  15.1 |      95 |      13 |  12.0
            +---------+---------+-------+---------+---------+-------
        D:1 |      46 |      13 |  22.0 |      30 |       8 |  21.1
        D:2 |      65 |       0 |   0.0 |      25 |       0 |   0.0
        D:3 |      38 |       3 |   7.3 |       8 |       2 |  20.0
        D:4 |     399 |       8 |   2.0 |      25 |       2 |   7.4
        D:5 |     143 |      99 |  40.9 |       7 |       1 |  12.5
            +---------+---------+-------+---------+---------+-------
